Map: Ever Dream LE

Players

MaSa - Winner!

  • Race: Terran Terran
  • League: Master
  • Spawn Location: 1:00

PiLiPiLi

  • Race: Protoss Protoss
  • League: Grandmaster
  • Spawn Location: 7:00

Event: DreamHack SC2 Masters 2020 Fall

VOD

Have the link to the VOD?

Description

Time

  • Played on: Sept. 3, 2020, 6:36 p.m.
  • Length: 13:57

All games in this series

Show
View Real Time Build Order
Export as new Build Order

MaSa Terran - Winner!

Build Orders:  

Get SALT Encoding   

  12  0:00  SCV  
  13  0:12  SCV  
  14  0:17  Supply Depot  
  14  0:24  SCV  
  15  0:38  SCV  
  15  0:40  Barracks  
  16  0:44  Refinery  
  16  0:50  SCV  
  17  1:02  SCV  
  18  1:05  Engineering Bay  
  18  1:14  SCV  
  19  1:27  Marine  
  19  1:28  Orbital Command  
  20  1:45  Marine  
  20  1:46  Supply Depot  
  21  1:52  Factory  
  21  1:54  SCV  
  22  2:03  Marine  
  22  2:07  SCV  
  24  2:24  Command Center  
  24  2:28  SCV, Marine  
  26  2:31  Refinery  
  26  2:37  Starport  
  26  2:41  Widow Mine  
  29  2:44  SCV  
  29  2:50  Supply Depot  
  29  2:52  Barracks Reactor  
  29  2:57  SCV  
  30  3:09  SCV  
  30  3:11  Widow Mine  
  33  3:18  Medivac  
  35  3:21  SCV  
  36  3:32  Marine x2  
  38  3:34  Armory  
  38  3:35  SCV  
  38  3:41  Factory Tech Lab  
  39  3:47  Bunker, SCV  
  40  3:49  Starport Tech Lab  
  40  3:54  Marine x2  
  42  3:59  Orbital Command  
  42  4:00  SCV  
  42  4:02  Refinery  
  43  4:13  SCV, Marine x2  
  46  4:20  Raven  
  48  4:25  SCV  
  49  4:32  Marine  
  49  4:36  Supply Depot  
  51  4:40  Siege Tank  
  51  4:43  SCV  
  51  4:44  Supply Depot  
  54  4:57  SCV x2  
  54  4:58  Command Center  
  56  5:01  Marine  
  55  5:09  SCV  
  55  5:16  SCV  
  55  5:17  Engineering Bay  
  53  5:22  SCV, Supply Depot  
  53  5:26  Barracks  
  53  5:28  Drilling Claws, Siege Tank  
  57  5:30  SCV  
  57  5:32  Starport Reactor  
  57  5:34  SCV  
  59  5:40  Stimpack, Marine  
  59  5:42  SCV  
  61  5:48  SCV  
  62  5:53  Barracks  
  62  5:54  SCV, Terran Infantry Weapons Level 1  
  63  6:00  Siege Tank  
  63  6:03  SCV  
  66  6:05  Supply Depot  
  66  6:06  SCV  
  66  6:08  Refinery  
  66  6:09  Marauder  
  69  6:14  Orbital Command, Marine  
  69  6:15  Starport Reactor  
  70  6:20  SCV  
  70  6:21  SCV  
  70  6:23  Marine  
  73  6:30  Marauder  
  73  6:32  Marine  
  72  6:33  SCV  
  72  6:39  SCV  
  75  6:41  Marine  
  75  6:42  Barracks  
  75  6:45  Barracks, SCV  
  77  6:50  Marine  
  77  6:51  SCV  
  77  6:53  Marauder  
  81  6:55  Combat Shield  
  81  6:57  Marauder  
  81  6:58  SCV  
  84  7:03  SCV  
  84  7:04  Marine  
  84  7:05  Medivac x2, Widow Mine x2  
  84  7:07  Orbital Command  
  94  7:12  Supply Depot  
  94  7:13  SCV  
  94  7:14  Supply Depot  
  96  7:15  SCV  
  96  7:22  Marauder x2  
  100  7:25  SCV  
  101  7:31  Supply Depot  
  101  7:34  Barracks Tech Lab, Widow Mine x2, SCV x2, Barracks Reactor  
  101  7:36  Medivac x2  
  111  7:40  Marine x2  
  111  7:41  Concussive Shells  
  113  7:47  Marauder x2  
  113  7:50  Ghost Academy  
  117  7:53  SCV x3  
  117  7:56  Supply Depot  
  120  8:01  Bunker  
  120  8:03  Supply Depot  
  120  8:08  Terran Infantry Armor Level 1  
  120  8:10  SCV x2  
  121  8:13  Marauder x2  
  121  8:17  Marine x2  
  124  8:22  Widow Mine x2  
  124  8:23  Supply Depot  
  124  8:24  SCV  
  124  8:25  SCV x2  
  131  8:31  Sensor Tower, Ghost  
  133  8:43  Supply Depot  
  133  8:44  Ghost, Supply Depot, Marine x4  
  133  8:45  Marauder  
  133  8:47  Supply Depot  
  106  8:57  SCV x2  
  106  9:00  Marauder  
  106  9:02  Marine x4  
  99  9:06  Marauder  
  96  9:13  Marauder  
  93  9:20  SCV, Marine x4  
  93  9:21  Orbital Command, Marauder  
  98  9:27  Marine  
  97  9:32  Medivac  
  97  9:34  Marine  
  97  9:37  SCV x2  
  97  9:38  Marine x3  
  102  9:39  Marine  
  102  9:43  Marauder  
  102  9:45  Marauder  
  102  9:49  SCV x2  
  102  9:50  SCV  
  97  9:52  Marauder  
  97  9:55  Marine x2  
  93  10:01  SCV  
  93  10:02  SCV x2  
  94  10:13  SCV  
  94  10:14  Medivac x2, SCV x2  
  102  10:21  Widow Mine x2  
  102  10:25  SCV  
  102  10:26  Terran Infantry Weapons Level 2, SCV x2  
  105  10:28  Marine  
  105  10:29  Marauder, Marine  
  105  10:35  Marine x2  
  113  10:36  Marauder  
  113  10:37  SCV  
  113  10:38  SCV x2  
  120  10:43  Widow Mine x2  
  120  10:44  Missile Turret  
  120  10:47  Missile Turret  
  120  10:49  SCV  
  121  10:50  Marauder, SCV x2, Marine  
  121  10:54  Missile Turret  
  121  10:57  Refinery, Supply Depot  
  126  10:58  Marauder  
  126  11:00  Marine  
  126  11:01  SCV, Marine  
  126  11:02  SCV  
  126  11:03  SCV  
  133  11:08  Widow Mine  
  133  11:10  Widow Mine  
  137  11:11  Ghost  
  137  11:13  SCV  
  140  11:25  Marauder x2, Marine x2  
  145  11:27  SCV x3  
  145  11:28  Medivac  
  145  11:31  Widow Mine  
  145  11:32  Widow Mine  
  154  11:33  Marine  
  154  11:34  Marine  
  156  11:40  Supply Depot  
  156  11:43  Missile Turret  
  156  11:46  Supply Depot, Marine  
  157  12:02  Medivac, Marauder, Widow Mine x2  
  157  12:04  Supply Depot  
  157  12:08  Marauder, SCV x3  
  170  12:09  Supply Depot  
  170  12:10  Supply Depot  
  169  12:20  Medivac  
  171  12:28  Marauder x2, Marine x3  
  178  12:32  Medivac, Supply Depot  
  178  12:34  Command Center  
  180  12:40  Marauder, Marine  
  183  12:45  SCV x3  
  183  12:46  Widow Mine x2, Marine x2  
  183  12:49  Marauder  
  194  12:54  Missile Turret  
  194  13:00  Refinery  
  194  13:01  Engineering Bay  
  194  13:05  Marauder x2, Marine  
  197  13:07  Marine  
  197  13:08  Marine  
  200  13:27  Marauder x2  
  200  13:32  Marauder, Marine x3  
  200  13:33  Widow Mine  
  199  13:38  Barracks  
  199  13:39  Barracks  
  199  13:40  Barracks  
Show
View Real Time Build Order
Export as new Build Order

PiLiPiLi Protoss 

Build Orders: Blink Stalkers, Chargelot Immortal 

Get SALT Encoding   

  12  0:00  Probe  
  13  0:12  Probe  
  14  0:17  Pylon  
  14  0:25  Probe (Chrono Boost)  
  15  0:37  Probe (Chrono Boost)  
  15  0:38  Gateway  
  16  0:45  Probe (Chrono Boost)  
  17  0:51  Probe  
  17  0:56  Assimilator  
  18  1:03  Probe  
  19  1:15  Probe  
  20  1:27  Cybernetics Core  
  20  1:31  Zealot (Chrono Boost)  
  20  1:35  Probe  
  20  1:37  Pylon  
  20  1:38  Assimilator  
  20  1:39  Pylon  
  23  1:52  Probe  
  23  2:03  Stalker (Chrono Boost)  
  23  2:04  Probe  
  23  2:06  Warp Gate  
  26  2:16  Probe  
  27  2:28  Probe  
  27  2:29  Nexus  
  28  2:34  Twilight Council  
  28  2:40  Probe  
  29  2:47  Pylon  
  29  2:52  Probe  
  30  3:04  Probe  
  30  3:05  Stalker  
  31  3:13  Blink (Chrono Boost)  
  31  3:18  Probe  
  32  3:21  Robotics Facility  
  32  3:32  Probe  
  32  3:34  Gateway  
  33  3:38  Gateway  
  33  3:42  Probe  
  33  3:44  Probe  
  35  3:54  Probe, Stalker  
  38  3:58  Probe  
  39  4:03  Shield Battery  
  39  4:06  Probe  
  39  4:08  Observer  
  41  4:10  Probe  
  42  4:18  Probe  
  42  4:22  Probe  
  44  4:31  Stalker x2  
  44  4:34  Probe  
  44  4:35  Probe  
  46  4:39  Stalker  
  46  4:42  Observer  
  49  4:46  Assimilator, Probe  
  49  4:47  Probe  
  49  4:49  Pylon  
  51  5:00  Probe  
  51  5:01  Probe  
  53  5:12  Probe  
  53  5:13  Stalker x2  
  56  5:17  Warp Prism (Chrono Boost), Probe  
  59  5:24  Probe  
  60  5:31  Nexus  
  60  5:34  Pylon  
  60  5:45  Charge  
  60  5:52  Probe  
  60  5:53  Probe  
  60  5:56  Observer  
  62  5:59  Stalker x3  
  68  6:04  Probe  
  68  6:05  Probe  
  68  6:06  Forge  
  68  6:11  Observer  
  70  6:27  Probe  
  67  6:33  Protoss Ground Armor Level 1 (Chrono Boost)  
  67  6:35  Probe  
  67  6:37  Observer  
  68  6:40  Probe  
  68  6:41  Gateway  
  68  6:42  Immortal (Chrono Boost), Gateway  
  68  6:44  Gateway  
  68  6:45  Gateway  
  68  6:46  Gateway  
  72  6:47  Sentry x2, Probe  
  72  6:49  Pylon, Probe  
  72  6:51  Sentry  
  72  6:52  Probe  
  81  7:02  Probe  
  81  7:03  Probe  
  81  7:06  Pylon  
  83  7:09  Gateway  
  83  7:13  Pylon  
  83  7:14  Immortal  
  87  7:22  Zealot x3  
  91  7:26  Shield Battery  
  93  7:30  Pylon x2  
  93  7:35  Probe  
  94  7:42  Stalker x2  
  94  7:43  Zealot x3  
  94  7:44  Zealot x2  
  108  7:49  Pylon  
  108  7:50  Zealot  
  110  7:54  Immortal (Chrono Boost)  
  114  8:01  Observer  
  114  8:10  Pylon  
  114  8:15  Zealot x8  
  128  8:20  Zealot  
  128  8:27  Observer  
  131  8:39  Photon Cannon  
  131  8:41  Zealot x7  
  99  9:01  Zealot x6  
  99  9:09  Probe x3  
  88  9:21  Probe  
  87  9:26  Zealot x3  
  91  9:37  Probe  
  91  9:38  Templar Archives  
  70  9:53  Zealot x3  
  70  9:54  Zealot x5, Immortal (Chrono Boost)  
  68  10:02  Zealot x3, Sentry x3  
  68  10:03  Zealot  
  72  10:23  High Templar x4, Immortal (Chrono Boost)  
  72  10:24  Zealot x2  
  72  10:26  Probe  
  72  10:27  Archon, Probe  
  72  10:28  Archon  
  91  10:31  Zealot x3  
  91  10:34  Protoss Ground Weapons Level 1 (Chrono Boost)  
  97  10:40  Observer  
  96  10:45  Zealot x2  
  100  10:51  Warp Prism (Chrono Boost)  
  100  10:55  Probe  
  100  10:56  Dark Shrine, Probe x2  
  105  10:59  Assimilator  
  105  11:10  Stalker x4  
  113  11:13  Stalker  
  113  11:14  Zealot x2  
  119  11:25  Probe x3  
  114  11:27  Stalker x2  
  114  11:31  Photon Cannon  
  119  11:33  Photon Cannon  
  119  11:41  Probe x2  
  119  11:44  Stalker  
  119  11:45  Stalker  
  121  11:56  Probe  
  121  11:57  Probe x2  
  124  12:09  Zealot x4  
  124  12:10  Zealot  
  132  12:22  Probe x2  
  124  12:26  Robotics Facility, Robotics Bay  
  124  12:28  Probe  
  123  12:42  Assimilator  
  123  12:43  Observer  
  122  12:47  Assimilator  
  122  13:01  Zealot x5  
  122  13:02  Zealot  
  134  13:08  Zealot, High Templar x2  
  134  13:12  Archon  
  138  13:23  Dark Templar  
  138  13:25  Pylon  
  141  13:33  Zealot  
  141  13:34  Zealot  
  121  13:35  Zealot  
  121  13:40  Zealot  
  109  13:42  Zealot  
  89  13:50  Zealot x2  
  89  13:53  Zealot  

Tags
 
Add a new tag
Caveats
  • Supply blocks, unpowered buildings, or Contaminate may cause inaccurate times.
  • Supply counts are checked every 10 seconds.